 Dungeon Crawl Stone Soup version 0.27-a0-604-g29a88b33a7 (webtiles) character file.

Game seed: 2400770919218839310

37 ReteAZ the Magician (level 3, -4/25 HPs)
             Began as a Gnoll Wanderer on Mar 12, 2021.
             Killed from afar by Natasha (6 damage)
             ... with a magic dart
             ... on level 2 of the Dungeon.
             The game lasted 00:01:49 (1582 turns).

ReteAZ the Magician (Gnoll Wanderer)                Turns: 1582, Time: 00:01:50

Health: -4/25      AC:  5    Str: 13    XL:     3   Next: 41%
Magic:  5/9        EV: 10    Int: 13    God:
Gold:   57         SH:  0    Dex:  8    Spells: 11/12 levels left

rFire    . . .     SeeInvis .   i - +0 spear
rCold    . . .     Faith    .   (no shield)
rNeg     . . .     Spirit   .   h - +0 ring mail
rPois    .         Reflect  .   (no helmet)
rElec    .         Harm     .   (no cloak)
rCorr    .         Rampage  .   (no gloves)
Will     .....                  (no boots)
Stlth    +.........             (no amulet)
HPRegen  0.08/turn              (no ring)
MPRegen  0.11/turn              (no ring)

@: flying, very slightly contaminated
A: fangs 1, strong nose, distributed training
a: no special abilities


You were on level 2 of the Dungeon.
You visited 1 branch of the dungeon, and saw 2 of its levels.

You collected 57 gold pieces.

Inventory:

Hand Weapons
 a - a +0 club
 b - a +0 mace
 i - a +0 spear (weapon)
Armour
 d - a +0 robe
 h - a +0 ring mail (worn)
 j - a +0 scale mail of fire resistance
Scrolls
 c - a scroll of teleportation {unknown}
 f - a scroll of random uselessness {unknown}
Potions
 e - a potion of flight
 g - a potion of attraction {unknown}


   Skills:
 + Level 0.8 Fighting
 + Level 0.8 Short Blades
 + Level 0.8 Long Blades
 + Level 0.8 Axes
 + Level 0.8 Maces & Flails
 + Level 0.8 Polearms
 + Level 0.8 Staves
 + Level 0.8 Slings
 + Level 0.8 Bows
 + Level 0.8 Crossbows
 + Level 0.8 Throwing
 + Level 0.8 Armour
 + Level 0.8 Dodging
 + Level 0.8 Stealth
 + Level 4.5 Shields
 + Level 0.8 Unarmed Combat
 + Level 5.0 Spellcasting
 + Level 0.5 Conjurations
 + Level 2.1 Hexes
 + Level 0.5 Summonings
 + Level 3.7 Necromancy
 + Level 0.5 Translocations
 + Level 3.7 Transmutations
 + Level 0.5 Fire Magic
 + Level 2.1 Ice Magic
 + Level 0.5 Air Magic
 + Level 0.5 Earth Magic
 + Level 0.5 Poison Magic
 + Level 1.0 Invocations
 + Level 0.8 Evocations


You had 11 spell levels left.
You knew the following spells:

 Your Spells              Type           Power      Damage    Failure   Level
a - Sting                 Tmut/Pois      32%        1d4       16%         1

Your spell library contained the following spells:

 Spells                   Type           Power      Damage    Failure   Level
 Corona                   Hex            8%         N/A       17%         1
 Freeze                   Ice            32%        1d5       17%         1
 Ensorcelled Hibernation  Hex/Ice        16%        N/A       26%         2
 Spider Form              Tmut/Pois      4%         N/A       43%         3
 Confusing Touch          Hex            8%         N/A       45%         3
 Ozocubu's Armour         Ice            8%         N/A       45%         3
 Tukima's Dance           Hex            8%         N/A       45%         3
 Dazzling Flash           Conj/Hex       12%        N/A       56%         3


Dungeon Overview and Level Annotations

Branches:
Dungeon (2/15)

Altars:

Annotations:
D:2 Natasha


Innate Abilities, Weirdness & Mutations

You have very sharp teeth.
Your uncanny sense of smell can sniff out nearby items.
Your experience applies equally to all skills.


Message History

Where to? (Enter - D:1 @ (x,y), ? - help)
There is a stone staircase leading down here.
You climb downwards.
There is a stone staircase leading up here.
There is a stone staircase leading up here.
Found a whip.
You see here a +0 whip.
Natasha, Servant of Life and Death comes into view.
Natasha hisses angrily.
Natasha claws you.
The sting misses Natasha.
Natasha barely misses you.
You hit Natasha but do no damage. Natasha closely misses you.
You miscast Sting.
You are very lightly contaminated with residual magic.
Nothing appears to happen.
Natasha barely misses you.
You miscast Sting.
Nothing appears to happen.
Natasha claws you!
The sting hits Natasha but does no damage.
Natasha is poisoned.
Natasha claws you but does no damage.
The sting hits Natasha.
Natasha looks even sicker.
Natasha is heavily wounded.
Natasha claws you but does no damage.
You closely miss Natasha. Your bite misses Natasha.
Natasha is severely wounded.
Natasha casts a spell at you. The magic dart hits you!
* * * LOW HITPOINT WARNING * * *
Natasha casts a spell at you. The magic dart hits you.
* * * LOW HITPOINT WARNING * * *
Natasha mumbles some strange words.
You feel troubled.
Natasha mumbles some strange words.
Okay, then.
Unknown command.
It was a potion of flight.
You feel very buoyant.
You fly up into the air.
Natasha casts a spell at you. The magic dart hits you.
You die...

####### ......# ......#
......#
#########......#
########...@..h5......#
#......).#######.......
#...###### .......
###.# ....... #<#####
####..# #.....# .#
#####.# #


You could see Natasha (poisoned) and a white imp (summoned).

Vanquished Creatures
  2 oozes (D:1)
  2 dart slugs (D:1)
  A giant cockroach (D:1)
  A goblin (D:1)
  4 hobgoblins (D:1)
  2 jackals (D:1)
  3 kobolds (D:1)
  A bat (D:1)
  4 frilled lizards (D:1)
  5 rats (D:1)
25 creatures vanquished.

Notes
Turn   | Place    | Note
-------+----------+-------------------------------------------
     0 | D:1      | ReteAZ the Gnoll Wanderer began the quest for the Orb.
     0 | D:1      | ReteAZ set off with the following items: a +0 club, a +0
                  | robe; and the following spells available to memorise:
                  | Corona, Freeze, Sting, Ensorcelled Hibernation, Confusing
                  | Touch, Ozocubu's Armour, Spider Form, Tukima's Dance,
                  | Dazzling Flash
     0 | D:1      | Reached XP level 1. HP: 13/13 MP: 6/6
     2 | D:1      | Learned a level 1 spell: Sting
    52 | D:1      | Reached XP level 2. HP: 10/19 MP: 7/7
   892 | D:1      | Reached XP level 3. HP: 25/25 MP: 7/9
   931 | D:1      | Reached skill level 5 in Spellcasting
  1294 | D:1      | Reached skill level 1 in Invocations
  1569 | D:2      | Noticed Natasha
  1578 | D:2      | HP: 1/25 [Natasha/magic dart (6)]
  1582 | D:2      | Killed from afar by Natasha

Illustrated notes

Levels and vault maps discovered:
D:1:      nicolae_arrival_memento_mori, layout_loops_ring,
          chequers_serial_rivers_marsh
D:2:      layout_rooms, wad_floor_pattern_1, uniq_natasha,
          uniq_crazy_yiuf_cottage, uniq_sigmund

Skill      XL: |  1  2  3 |
---------------+----------+-----
Hexes          | 2 |  2.1
Ice Magic      | 2 |  2.1
Spellcasting   | 5 |  5.0
Invocations    | 1 |  1.0
Fighting       | |  0.8
Short Blades   | |  0.8
Long Blades    | |  0.8
Axes           | |  0.8
Maces & Flails | |  0.8
Polearms       | |  0.8
Staves         | |  0.8
Slings         | |  0.8
Bows           | |  0.8
Crossbows      | |  0.8
Throwing       | |  0.8
Armour         | |  0.8
Dodging        | |  0.8
Stealth        | |  0.8
Shields        | |  4.5
Unarmed Combat | |  0.8
Conjurations   | |  0.5
Summonings     | |  0.5
Necromancy     | |  3.7
Translocations | |  0.5
Transmutations | |  3.7
Fire Magic     | |  0.5
Air Magic      | |  0.5
Earth Magic    | |  0.5
Poison Magic   | |  0.5
Evocations     | |  0.8

Action                   || total
-------------------------++-------
Melee: Club              ||    18
       Mace              ||    32
       Bite              ||     2
       Spear             ||     3
 Cast: Sting             ||    27
  Use: Potion            ||     1
Armor: Robe              ||     8
       Ring mail         ||     3
Dodge: Dodged            ||    42

Table legend: (Time is in decaauts)
 A = Elapsed time spent in this place.
 B = Non-inter-level travel time spent in this place.
 C = Inter-level travel time spent in this place.
 D = Time resting spent in this place.
 E = Time spent auto-exploring this place.
 F = Levels seen in this place.
 G = Mean time per level.
                   A        B        C        D        E       F      G
               +--------+--------+--------+--------+--------+-----+--------+
         Total |   1599 |   1498 |    101 |      0 |   1289 |   2 |  799.5 |
       Dungeon |   1599 |   1498 |    101 |      0 |   1289 |   2 |  799.5 |
               +--------+--------+--------+--------+--------+-----+--------+

Top non-repeatable levels by time:
     D:1: 1569 daAuts
     D:2: 29 daAuts
